 Dungeon Crawl Stone Soup version 0.31-a0-345-g1ebeae05c6 (webtiles) character file.

Game seed: 7753821787281091837

998 LeprechaunX the Ruffian (level 8, -1/54 HPs)
             Began as an Octopode Shapeshifter on July 23, 2023.
             Was an Initiate of Hepliaklqana.
             Slain by an iguana (9 damage)
             ... on level 6 of the Dungeon.
             The game lasted 00:06:27 (4252 turns).

LeprechaunX the Ruffian (Octopode Shapeshifter)     Turns: 4252, Time: 00:06:29

Health: -1/54      AC:  1    Str: 16    XL:     8   Next: 19%
Magic:  8/8        EV: 14    Int: 10    God:    Hepliaklqana [......]
Gold:   275        SH:  0    Dex: 13    Spells: 7/7 levels left

rFire   + .          .
                       - Unarmed
rCold   . . .        (no shield)
rNeg    + . .        (helmet currently unavailable)
rPois   .            (no amulet)
rElec   .            f - ring of positive energy
rCorr   .            n - ring of flight
SInv    .            p - ring of protection from fire
Will    .....        (no ring)
Stlth   ++           (no ring)
HPRegen 0.29/turn    (no ring)
MPRegen 0.11/turn    (no ring)
                     (no ring)

%: no passive effects
@: beast-form, flying
A: beast (slay +3), almost no armour, amphibious, 8 rings, camouflage 1,
gelatinous body 1, (nimble swimmer 1), tentacles
a: Begin Untransformation, Renounce Religion


You were on level 6 of the Dungeon.
You worshipped Hepliaklqana.
Hepliaklqana was noncommittal.
You were a hulking beast.
You visited 2 branches of the dungeon, and saw 7 of its levels.

You collected 275 gold pieces.

Inventory:

Missiles
 d - 3 boomerangs (quivered)
 q - a throwing net
Jewellery
 f - a ring of positive energy (left tentacle)
 n - a ring of flight (right tentacle)
 p - a ring of protection from fire (on tentacle)
 u - a ring of poison resistance
Talismans
 b - a beast talisman
Wands
 r - a wand of mindburst (14)
 v - a wand of digging (4)
Scrolls
 e - 4 scrolls of identify {unknown}
 g - a scroll of poison {unknown}
 h - a scroll of fear {unknown}
 j - a scroll of torment {unknown}
 k - 3 scrolls of noise {unknown}
 l - a scroll of revelation {unknown}
 m - 2 scrolls of enchant weapon {unknown}
 o - 2 scrolls of teleportation {unknown}
 s - a scroll of silence {unknown}
Potions
 a - a potion of berserk rage {unknown}
 c - a potion of heal wounds
 i - 2 potions of curing {unknown}
 t - a potion of invisibility {unknown}
 w - a potion of lignification


   Skills:
 + Level 3.7 Fighting
 + Level 3.2 Throwing
 + Level 4.1 Dodging
 * Level 6.2 Unarmed Combat
 + Level 4.2 Shapeshifting


You had 7 spell levels left.
You didn't know any spells.
Your spell library contained the following spells:

 Spells                   Type           Power      Damage    Failure   Level
 Hailstorm                Conj/Ice       0%         3d3       75%         3
 Volatile Blastmotes      Fire/Tloc      0%         2d10      75%         3
 Fulminant Prism          Conj/Hex       0%         3d5       98%         4
 Iskenderun's Mystic Bla  Conj/Tloc      0%         2d3       98%         4
 Summon Ice Beast         Ice/Summ       0%         N/A       98%         4
 Simulacrum               Ice/Necr       0%         N/A       100%        6


Dungeon Overview and Level Annotations

Branches:
Dungeon (6/15)             Temple (1/1) D:5

Altars:
Ashenzari
Cheibriados
Dithmenos
Elyvilon
Fedhas
Gozag
Hepliaklqana
Kikubaaqudgha
Makhleb
Nemelex Xobeh
Okawaru
Qazlal
Ru
Sif Muna
Uskayaw
Vehumet
Xom
Yredelemnul
Zin
The Shining One

Shops:
D:2 [?:


Innate Abilities, Weirdness & Mutations

You are a hulking beast.
Your limbs bulge with bestial killing power. (Slay +3)
You cannot wear most types of armour.
You are amphibious.
You can wear up to eight rings at the same time.
Your skin changes colour to match your surroundings (Stealth+).
Your rubbery body absorbs attacks. (AC +1, EV +1)
((You are camouflaged when in or above water. (Stealth+)))
You have tentacles for arms and can constrict up to eight enemies at once.


Message History

You kill the ufetubus!
Throw: 3 boomerangs
Press: ? - help, Q - select action, (/) - cycle Shift-Dir - straight line, f - you Really target yourself? [Y]es or [N]o only, please.
Really target yourself? [Y]es or [N]o only, please.
Really target yourself? [Y]es or [N]o only, please.
Really target yourself? [Y]es or [N]o only, please.
Really target yourself? [Y]es or [N]o only, please.
Really target yourself?
Okay, then.
Unknown command.
o - 2 scrolls labelled JUNISOMEU VAEMYC (gained 1)
Found a stone staircase leading down.
Found 8 stones.
A centaur comes into view.
You see here a +1 falchion of draining.
A centaur is nearby!
Throw: 3 boomerangs
Press: ? - help, Q - select action, (/) - cycle Shift-Dir - straight line, f - centaur
Aim: a centaur (asleep, 98% to hit)
You throw a boomerang. The boomerang hits the centaur.
The centaur shouts!
The centaur is lightly wounded.
You hear an angry hiss.
The centaur wields a +3 shortbow.
The centaur shoots an arrow.
The arrow hits you!
The centaur shoots an arrow.
The arrow hits you!
An iguana comes into view.
You start resting.
A centaur is nearby!
The centaur shoots an arrow.
The arrow hits you!
The centaur shoots an arrow.
The arrow hits you!
* * * LOW HITPOINT WARNING * * *
The centaur shoots an arrow.
The arrow barely misses you. The iguana bites you!
You die...

##..≈.≈.≈.≈.≈.≈
.#..≈.≈_≈.≈..§§§ ...##
....≈.≈≈≈.≈§§§§.§....#
....≈.....§§§§§§§§...
....≈≈§≈≈≈≈§§≈≈§≈...
.#..............§§.
.####.#......#..#.
.#..#........##cl#
.#..............h##
...##.............####
....................(#
##...................#
##...##..............#
....##...............#
.#####.....#..........#
# ##...##...###>..##
#.###....# ####


You could see a centaur and an iguana.

Vanquished Creatures
  Duvessa (D:5)
  An ogre (D:5)
  Dowan (D:5)
  A howler monkey (D:5)
  2 gnoll boudas (D:4)
  6 hounds
  2 jellies
  4 iguanas
  2 orc wizards (D:3)
  9 gnolls
  9 adders
  An ufetubus (D:6)
  A dart slug (D:3)
  17 orcs
  9 endoplasms
  6 giant cockroaches
  6 goblins
  8 hobgoblins
  5 jackals
  3 quokkas
  10 ball pythons
  5 bats
  A frilled lizard (D:1)
  5 kobolds
  3 rats
118 creatures vanquished.

Notes
Turn   | Place    | Note
-------+----------+-------------------------------------------
     0 | D:1      | LeprechaunX the Octopode Shapeshifter began the quest for
                  | the Orb.
     0 | D:1      | Reached XP level 1. HP: 13/13 MP: 1/1
    67 | D:1      | Reached XP level 2. HP: 18/18 MP: 2/2
   341 | D:1      | Reached XP level 3. HP: 18/23 MP: 3/3
   650 | D:2      | Found Piamew's Book Boutique.
   796 | D:2      | Found Guofootu's Magic Scroll Shoppe.
   864 | D:2      | Found Teudal's Armour Emporium.
  1198 | D:3      | Reached XP level 4. HP: 26/29 MP: 4/4
  1388 | D:3      | Reached skill level 1 in Throwing
  1388 | D:3      | Reached skill level 4 in Unarmed Combat
  1388 | D:3      | Reached XP level 5. HP: 19/34 MP: 5/5
  2068 | D:4      | Reached XP level 6. HP: 40/40 MP: 6/6
  2728 | D:4      | Reached skill level 5 in Unarmed Combat
  2854 | D:4      | Reached XP level 7. HP: 45/45 MP: 7/7
  3017 | D:4      | Found a stormy altar of Qazlal.
  3374 | D:5      | Entered Level 5 of the Dungeon
  3374 | D:5      | Found a shimmering blue altar of Sif Muna.
  3470 | D:5      | Found a white marble altar of Elyvilon.
  3497 | D:5      | Found a staircase to the Ecumenical Temple.
  3497 | D:5      | Noticed Duvessa
  3506 | Temple   | Entered the Ecumenical Temple
  3558 | Temple   | Became a worshipper of Hepliaklqana the Forgotten
  3870 | D:5      | Noticed Dowan
  3879 | D:5      | Killed Duvessa
  3880 | D:5      | Reached skill level 6 in Unarmed Combat
  3880 | D:5      | Reached XP level 8. HP: 16/53 MP: 8/8
  3889 | D:5      | Killed Dowan
  4075 | D:5      | Found a shimmering altar of Xom.
  4201 | D:6      | Found a shadowy altar of Dithmenos.
  4201 | D:6      | Found a glowing silver altar of Zin.
  4252 | D:6      | Slain by an iguana

Illustrated notes

Levels and vault maps discovered:
D:1:      psy_arrival_spokes, layout_basic
D:2:      layout_basic, serial_shops, shop, shop, shop
D:3:      layout_basic, cheibrodos_gnoll_hut
D:4:      minmay_door_path, layout_layer_cave, mainiacjoe_overflow_alcove_1,
          minmay_bent
D:5:      layout_cave_pools, xom_butterflies, nicolae_elyvilon_peaceful_grove,
          mainiacjoe_overflow_cross_hatched, minmay_temple_entry_stoned_glass,
          uniq_duvessa
D:6:      layout_cave_pools, nzn_wu_jian_council_hall,
          mainiacjoe_overflow_catwalk_spiral
Temple:   minmay_temple_curvy_branch

Skill      XL: |  1  2  3  4  5  6  7 |
---------------+----------------------+-----
Fighting       | 2 3 |  3.7
Throwing       | 1 2 3 |  3.2
Unarmed Combat | 4 5 6 |  6.2
Dodging        | 3 4 |  4.1
Shapeshifting  | 4 |  4.2

Action                     |  1- 3 |  4- 6 |  7- 9 || total
---------------------------+-------+-------+-------++-------
  Melee: Unarmed           |    59 |    96 |    53 ||   208
         Constrict         |    18 |    25 |    12 ||    55
         Tentacles         |    10 |    17 |    13 ||    40
         Punch             |     3 |     4 |     1 ||     8
  Throw: Boomerang         |       |    32 |    25 ||    57
    Use: Potion            |       |       |     2 ||     2
   Stab: Sleeping          |     9 |     2 |     2 ||    13
         Distracted        |       |     1 |       ||     1
 Armour: Skin              |     3 |    11 |    14 ||    28
  Dodge: Dodged            |    34 |    67 |    34 ||   135

Table legend: (Time is in decaauts)
 A = Elapsed time spent in this place.
 B = Non-inter-level travel time spent in this place.
 C = Inter-level travel time spent in this place.
 D = Time resting spent in this place.
 E = Time spent auto-exploring this place.
 F = Levels seen in this place.
 G = Mean time per level.
                   A        B        C        D        E       F      G
               +--------+--------+--------+--------+--------+-----+--------+
         Total |   4245 |   4070 |    175 |    461 |   2870 |   7 |  606.4 |
       Dungeon |   4167 |   4048 |    119 |    461 |   2870 |   6 |  694.5 |
        Temple |     77 |     21 |     56 |      0 |      0 |   1 |   77.0 |
               +--------+--------+--------+--------+--------+-----+--------+

Top non-repeatable levels by time:
     D:4: 1274 daAuts
     D:3: 765 daAuts
     D:5: 746 daAuts
     D:2: 682 daAuts
     D:1: 646 daAuts
  Temple: 77 daAuts
     D:6: 51 daAuts
